Warning! The script has encountered some errors when parsing the replay. Please report them to the . » details
0x74, prev: 0x61: 16 02 07 00 13 A1 00 00 71 22 04 00 FE 8F 00 00 A1 1B 01 00 B3 83 00 00 80 52 01 00 23 89 00 00 40 D4 02 00 AC 9E 00 00 D4 59 02 00 45 9F 00 00 F5 CF 01 00 EE A2 00 00 C1 4F 03 00 19 76 61 [74] 6E F3 7D 00 00 F3 7D 00 00
0xF3, prev: 0x74: 16 02 07 00 13 A1 00 00 71 22 04 00 FE 8F 00 00 A1 1B 01 00 B3 83 00 00 80 52 01 00 23 89 00 00 40 D4 02 00 AC 9E 00 00 D4 59 02 00 45 9F 00 00 F5 CF 01 00 EE A2 00 00 C1 4F 03 00 19 76 61 74 6E [F3] 7D 00 00 F3 7D 00 00
0x00, prev: 0xF3: 16 02 07 00 13 A1 00 00 71 22 04 00 FE 8F 00 00 A1 1B 01 00 B3 83 00 00 80 52 01 00 23 89 00 00 40 D4 02 00 AC 9E 00 00 D4 59 02 00 45 9F 00 00 F5 CF 01 00 EE A2 00 00 C1 4F 03 00 19 76 61 74 6E F3 7D 00 00 F3 7D [00] 00
0xF3, prev: 0x00: 16 02 07 00 13 A1 00 00 71 22 04 00 FE 8F 00 00 A1 1B 01 00 B3 83 00 00 80 52 01 00 23 89 00 00 40 D4 02 00 AC 9E 00 00 D4 59 02 00 45 9F 00 00 F5 CF 01 00 EE A2 00 00 C1 4F 03 00 19 76 61 74 6E F3 7D 00 00 [F3] 7D 00 00
0x7A, prev: 0x67: 16 02 01 00 21 97 00 00 59 0B 01 00 19 31 67 [7A] 75 69 82 00 00 D2 CE 00 00
General information
- name: BNet
- type: Ladder team game (AT/RT)
- host: Battle.net
- saver: SOLID.STATE.DRI
map: Mur'gulOasis
- players: 8
- length: 23:12
- speed: Fast
- version: 1.26 W3XP
- replay type: Public
» download(110 KB)
Players
team 1 (winner)
SOLID.STATE.DRI (
pink | 54 APM | 1248 actions | 23:12)
6 Dreadlord
3 Sleep
2 Vampiric Aura
1 Inferno
5 Death Knight
2 Death Coil
3 Unholy Aura
1 Archmage
1 Brilliance Aura
1 Paladin
1 Divine Shield
» actions
| Assign group hotkey | 101 | |
| Basic commands | 15 | |
| Build / train | 67 | |
| ESC pressed | 1 | |
| Enter build submenu | 16 | |
| Enter hero's abilities submenu | 13 | |
| Give item / drop item | 5 | |
| Right click | 498 | |
| Select / deselect | 271 | |
| Select group hotkey | 201 | |
| Select subgroup | 2 | |
| Use ability | 58 | |
1248 total
» units
| Acolyte | 7 | |
| Ghoul | 4 | |
| Crypt Fiend | 7 | |
| Obsidian Statue | 6 | |
| Rifleman | 1 | |
25 total
» upgrades
| Creature Attack | 3 | |
| Creature Carapace | 3 | |
| Web | 1 | |
| Destroyer Form | 1 | |
| Burrow | 1 | |
| Ghoul Frenzy | 1 | |
| Ultravision | 1 | |
| Armor | 1 | |
12 total
» buildings
| Altar of Darkness | 1 | |
| Ziggurat | 8 | |
| Graveyard | 1 | |
| Crypt | 1 | |
| Nerubian Tower | 1 | |
| Tomb of Relics | 1 | |
| Halls of the Dead | 1 | |
| Spirit Tower | 7 | |
| Slaughterhouse | 1 | |
| Black Citadel | 1 | |
23 total
» build order
00:19 Altar of Darkness
00:22 Ziggurat
00:39 Graveyard
00:58 Crypt
01:17 Nerubian Tower
01:29 Ziggurat
02:55 Ziggurat
04:21 Tomb of Relics
05:16 Halls of the Dead
05:34 Ziggurat
06:37 Spirit Tower
08:37 Slaughterhouse
09:00 Black Citadel
09:49 Ziggurat
11:01 Ziggurat
12:48 Ziggurat
14:59 Spirit Tower
15:03 Spirit Tower
15:04 Spirit Tower
15:06 Spirit Tower
15:09 Spirit Tower
16:59 Ziggurat
19:34 Spirit Tower
» items
| Boots of Speed | 1 | |
| Staff of Teleportation | 1 | |
| Orb of Corruption | 2 | |
| Scroll of Healing | 1 | |
5 total
LESBlAN_TOMBOY (
teal | 41 APM | 446 actions | 10:56)
3 Dark Ranger
2 Black Arrow
1 Life Drain
» actions
| Build / train | 29 | |
| Enter build submenu | 9 | |
| Enter hero's abilities submenu | 3 | |
| Remove unit from queue | 2 | |
| Right click | 288 | |
| Select / deselect | 102 | |
| Use ability | 13 | |
446 total
» units
| Acolyte | 8 | |
| Ghoul | 3 | |
| Crypt Fiend | 5 | |
16 total
» upgrades
| Creature Attack | 1 | |
| Creature Carapace | 1 | |
2 total
» buildings
| Ziggurat | 3 | |
| Altar of Darkness | 1 | |
| Graveyard | 1 | |
| Crypt | 2 | |
| Spirit Tower | 3 | |
| Halls of the Dead | 1 | |
11 total
» build order
00:11 Ziggurat
00:17 Altar of Darkness
00:56 Graveyard
01:03 Crypt
03:02 Crypt
03:26 Spirit Tower
04:01 Ziggurat
04:03 Ziggurat
08:04 Spirit Tower
10:27 Halls of the Dead
» items

»
SirKitteh (
blue | 36 APM | 472 actions | 13:11)
4 Archmage
2 Summon Water Elemental
2 Brilliance Aura
3 Paladin
2 Devotion Aura
1 Divine Shield
» actions
| Assign group hotkey | 6 | |
| Basic commands | 35 | |
| Build / train | 40 | |
| ESC pressed | 1 | |
| Enter build submenu | 15 | |
| Enter hero's abilities submenu | 7 | |
| Remove unit from queue | 4 | |
| Right click | 152 | |
| Select / deselect | 130 | |
| Select group hotkey | 53 | |
| Use ability | 29 | |
472 total
» units
| Peasant | 7 | |
| Footman | 8 | |
| Mur'gul Snarecaster | 1 | |
| Rifleman | 4 | |
| Priest | 2 | |
| Sorceress | 1 | |
23 total
» upgrades
| Gunpowder | 2 | |
| Lumber Harvesting | 1 | |
| Priest Training | 1 | |
| Sorceress Training | 1 | |
| Long Rifles | 1 | |
6 total
» buildings
| Farm | 7 | |
| Altar of Kings | 1 | |
| Barracks | 2 | |
| Arcane Vault | 1 | |
| Keep | 1 | |
| Lumber Mill | 1 | |
| Blacksmith | 1 | |
| Arcane Sanctum | 1 | |
15 total
» build order
00:06 Farm
00:08 Altar of Kings
00:58 Barracks
01:26 Farm
01:42 Arcane Vault
02:21 Farm
03:58 Keep
04:01 Barracks
04:07 Lumber Mill
05:01 Blacksmith
05:09 Farm
06:47 Arcane Sanctum
06:57 Farm
07:51 Farm
08:30 Farm
» items

»
Zeus12 (
yellow | 40 APM | 670 actions | 16:48)
5 Demon Hunter
2 Immolation
2 Evasion
1 Mana Burn
» actions
| Basic commands | 7 | |
| Build / train | 61 | |
| Enter build submenu | 17 | |
| Enter hero's abilities submenu | 5 | |
| Right click | 349 | |
| Select / deselect | 181 | |
| Use ability | 50 | |
670 total
» units
| Wisp | 13 | |
| Archer | 12 | |
| Huntress | 6 | |
| Druid of the Talon | 2 | |
| Giant Sea Turtle | 1 | |
| Crypt Fiend | 3 | |
| Hippogryph | 3 | |
| Chimaera | 1 | |
41 total
» upgrades
| Sentinel | 1 | |
| Druid of the Talon Training | 1 | |
| Strength of the Moon | 1 | |
| Strength of the Wild | 1 | |
| Corrosive Breath | 1 | |
5 total
» buildings
| Altar of Elders | 1 | |
| Moon Well | 5 | |
| Ancient of War | 1 | |
| Hunter's Hall | 1 | |
| Ancient of Wonders | 1 | |
| Ancient Protector | 2 | |
| Tree of Ages | 1 | |
| Ancient of Wind | 1 | |
| Tree of Eternity | 1 | |
| Chimaera Roost | 2 | |
| Tree of Life | 1 | |
17 total
» build order
01:38 Altar of Elders
01:44 Moon Well
01:53 Ancient of War
02:01 Hunter's Hall
02:27 Moon Well
03:06 Ancient of Wonders
03:33 Ancient Protector
04:17 Tree of Ages
05:08 Moon Well
06:37 Moon Well
06:44 Ancient of Wind
08:24 Tree of Eternity
09:05 Ancient Protector
10:55 Chimaera Roost
11:01 Chimaera Roost
12:40 Moon Well
14:26 Tree of Life
» items
| Moonstone | 2 | |
| Lesser Clarity Potion | 4 | |
| Dust of Appearance | 1 | |
7 total
team 2 (loser)
AintNunClutcher (
purple | 46 APM | 1072 actions | 23:09)
5 Blademaster
3 Wind Walk
2 Critical Strike
» actions
| Assign group hotkey | 68 | |
| Basic commands | 49 | |
| Build / train | 54 | |
| Enter build submenu | 23 | |
| Enter hero's abilities submenu | 5 | |
| Give item / drop item | 1 | |
| Remove unit from queue | 1 | |
| Right click | 532 | |
| Select / deselect | 186 | |
| Select group hotkey | 80 | |
| Use ability | 73 | |
1072 total
» units
» upgrades
| Armor | 3 | |
| Ranged Weapons | 3 | |
| Envenomed Spears | 1 | |
7 total
» buildings
| Altar of Storms | 2 | |
| Orc Burrow | 4 | |
| Barracks | 1 | |
| Voodoo Lounge | 1 | |
| Stronghold | 1 | |
| War Mill | 1 | |
| Watch Tower | 11 | |
| Beastiary | 2 | |
| Great Hall | 1 | |
| Fortress | 1 | |
25 total
» build order
00:33 Altar of Storms
00:35 Altar of Storms
00:44 Orc Burrow
00:50 Barracks
01:21 Orc Burrow
01:57 Voodoo Lounge
03:33 Stronghold
04:14 War Mill
04:17 Orc Burrow
05:52 Watch Tower
05:54 Watch Tower
05:56 Watch Tower
05:59 Beastiary
06:02 Beastiary
06:23 Orc Burrow
06:42 Watch Tower
06:47 Watch Tower
14:54 Great Hall
15:02 Watch Tower
15:03 Watch Tower
15:05 Watch Tower
15:06 Watch Tower
15:08 Watch Tower
15:09 Watch Tower
19:26 Fortress
» items
| Healing Salve | 4 | |
| Boots of Speed | 1 | |
| Potion of Lesser Invulnerability | 1 | |
| Scroll of Healing | 1 | |
| Scroll of Town Portal | 2 | |
| Lesser Clarity Potion | 1 | |
| Staff of Teleportation | 1 | |
| Periapt of Vitality | 1 | |
| Orb of Lightning | 1 | |
13 total
I-C (
orange | 37 APM | 768 actions | 20:47)
6 Blademaster
3 Wind Walk
2 Critical Strike
1 Bladestorm
» actions
| Basic commands | 37 | |
| Build / train | 80 | |
| Enter build submenu | 25 | |
| Enter hero's abilities submenu | 6 | |
| Give item / drop item | 4 | |
| Right click | 225 | |
| Select / deselect | 299 | |
| Use ability | 92 | |
768 total
» units
» upgrades
| Ranged Weapons | 3 | |
| Armor | 3 | |
| Liquid Fire | 1 | |
| Reinforced Defenses | 1 | |
8 total
» buildings
| Altar of Storms | 1 | |
| Orc Burrow | 6 | |
| War Mill | 1 | |
| Voodoo Lounge | 1 | |
| Watch Tower | 11 | |
| Stronghold | 1 | |
| Fortress | 1 | |
| Beastiary | 3 | |
25 total
» build order
00:23 Altar of Storms
00:42 Orc Burrow
00:55 War Mill
01:27 Voodoo Lounge
01:37 Orc Burrow
02:19 Watch Tower
03:05 Stronghold
03:33 Orc Burrow
04:36 Orc Burrow
05:32 Fortress
05:37 Beastiary
05:40 Beastiary
05:42 Beastiary
11:55 Watch Tower
11:57 Watch Tower
12:00 Watch Tower
12:11 Watch Tower
12:12 Watch Tower
12:52 Orc Burrow
12:54 Watch Tower
13:05 Watch Tower
13:07 Watch Tower
13:19 Watch Tower
13:27 Watch Tower
18:48 Orc Burrow
» items
| Healing Salve | 4 | |
| Circlet of Nobility | 2 | |
| Boots of Speed | 1 | |
| Orb of Lightning | 1 | |
| Potion of Healing | 1 | |
| Scroll of Regeneration | 1 | |
10 total
AidanAidan (
red | 10 APM | 230 actions | 22:55)
2 Blood Mage
1 Banish
1 Siphon Mana
» actions
| Build / train | 45 | |
| Enter build submenu | 16 | |
| Enter hero's abilities submenu | 2 | |
| Remove unit from queue | 1 | |
| Right click | 36 | |
| Select / deselect | 92 | |
| Use ability | 38 | |
230 total
» units
| Peasant | 8 | |
| Footman | 14 | |
| Rifleman | 10 | |
32 total
» upgrades
| Defend | 1 | |
| Plating | 1 | |
| Swords | 1 | |
| Gunpowder | 1 | |
| Armor | 1 | |
5 total
» buildings
| Barracks | 1 | |
| Altar of Kings | 2 | |
| Arcane Vault | 2 | |
| Farm | 13 | |
| Scout Tower | 4 | |
| Arcane Tower | 1 | |
| Blacksmith | 2 | |
| Lumber Mill | 2 | |
| Keep | 1 | |
28 total
» build order
01:10 Barracks
01:21 Altar of Kings
01:45 Arcane Vault
02:26 Farm
02:27 Farm
02:28 Farm
02:53 Scout Tower
02:54 Scout Tower
04:24 Arcane Tower
04:33 Farm
04:55 Blacksmith
05:06 Lumber Mill
05:38 Farm
05:40 Farm
05:43 Farm
05:45 Farm
13:20 Scout Tower
13:21 Scout Tower
15:17 Arcane Vault
18:49 Altar of Kings
20:13 Keep
20:26 Lumber Mill
21:43 Blacksmith
22:06 Farm
22:07 Farm
22:09 Farm
22:11 Farm
22:12 Farm
» items
xzone10 (
green | 30 APM | 666 actions | 22:17)
4 Death Knight
2 Death Coil
2 Unholy Aura
» actions
| Basic commands | 2 | |
| Build / train | 61 | |
| ESC pressed | 2 | |
| Enter build submenu | 9 | |
| Enter hero's abilities submenu | 4 | |
| Give item / drop item | 1 | |
| Remove unit from queue | 11 | |
| Right click | 429 | |
| Select / deselect | 121 | |
| Use ability | 26 | |
666 total
» units
| Acolyte | 2 | |
| Ghoul | 4 | |
| Crypt Fiend | 28 | |
34 total
» upgrades
| Creature Attack | 3 | |
| Creature Carapace | 2 | |
| Web | 1 | |
| Burrow | 1 | |
7 total
» buildings
| Crypt | 2 | |
| Altar of Darkness | 1 | |
| Ziggurat | 13 | |
| Graveyard | 1 | |
| Halls of the Dead | 1 | |
| Black Citadel | 1 | |
| Spirit Tower | 1 | |
| Nerubian Tower | 1 | |
21 total
» build order
00:46 Crypt
00:52 Altar of Darkness
00:56 Ziggurat
01:26 Graveyard
01:32 Ziggurat
01:34 Ziggurat
01:45 Ziggurat
04:05 Halls of the Dead
07:26 Black Citadel
08:03 Spirit Tower
08:12 Nerubian Tower
08:40 Ziggurat
08:43 Ziggurat
08:58 Ziggurat
08:58 Ziggurat
08:59 Ziggurat
08:59 Ziggurat
16:58 Ziggurat
16:59 Ziggurat
17:01 Ziggurat
17:06 Crypt
Chat log
(00:30 / All) AintNunClutcher: Hail Zeus, we meet again
(08:43 / Allies) SirKitteh: omw pink
(10:27 / Allies) SirKitteh: get web pink
(10:30 / Allies) SirKitteh: we coulda raped them
(10:59 / Allies) SirKitteh: sigh
(11:01 / Allies) SirKitteh: fucking sigh
(12:15 / Allies) SirKitteh: teal is dead
(12:21 / Allies) SirKitteh: and so is his hero
(12:29 / Allies) SirKitteh: can we use tavern for him?
(12:51 / All) SirKitteh: nigs
(13:10 / All) SOLID.STATE.DRI: LESBIAN_TOMBODY was French Canadian anyway
(13:14 / All) SOLID.STATE.DRI: He deserved to die
(13:18 / All) SOLID.STATE.DRI: Now only Zeus must die
(16:16 / All) Zeus12: ah you guys ar eno fun at all
(16:28 / All) SOLID.STATE.DRI: Yes, we were in the game yesterday with you Zeus
(16:30 / All) Zeus12: fuckning bats
(16:31 / All) SOLID.STATE.DRI: Norse gods > greek gods
(16:42 / Allies) Zeus12: so what
(18:22 / All) SOLID.STATE.DRI: FREE XP
(20:24 / All) AintNunClutcher: No you won't
(20:41 / All) AintNunClutcher: Indeed
(20:57 / All) SOLID.STATE.DRI: Red and green are in-game
(21:04 / All) SOLID.STATE.DRI: I'll hit green
(22:51 / All) AintNunClutcher: Leave niglet
(22:55 / All) SOLID.STATE.DRI: Leave, red
(22:57 / All) SOLID.STATE.DRI: Good
(22:59 / All) AintNunClutcher: heh
(23:02 / All) SOLID.STATE.DRI: Well done, fun game
(23:08 / All) AintNunClutcher: Have fun at your appointment